[Event "Early-Titled-Tuesday-Blitz-August-29-2023"]
[Site "Chess.com"]
[Date "2023.08.29"]
[Round "9"]
[White "Agibileg"]
[Black "VerdeNotte"]
[Result "1-0"]
[WhiteElo "2635"]
[BlackElo "2878"]
[TimeControl "180+1"]
[EndTime "9:44:13 PDT"]
[Termination "Agibileg won by resignation"]

1. d4 Nf6 2. c4 g6 3. Nc3 Bg7 4. e4 d6 5. Be2 O-O 6. Nf3 e5 7.
O-O Nbd7 8. Be3 Qe7 9. d5 c5 10. Ne1 Kh8 11. g4 Ng8 12. Kh1 f5 13. gxf5 gxf5 14.
exf5 Ndf6 15. Rg1 Bxf5 16. Bg5 e4 17. Nc2 Qe5 18. Ne3 Bg6 19. Bh4 Bh6 20. Qf1 Bxe3 21.
fxe3 Nxd5 22. Nxd5 Rxf1 23. Raxf1 Qxb2 24. Rf2 Qxa2 25. Bg4 Qxc4 26. Be6 Bh5 27. Bxg8 Bg6 28. Be6 Kg7 29.
Bf6+ Kh6 30. Rf4 Qe2 31. Rh4+ Qh5 32. Rxh5+ Kxh5 33. Nf4+ Kh6 34. Bf5 Rf8 35. Bg5+ Kg7 36. Ne6+ Kf7 37. Nxf8 Bxf5 38. Bh6 Kf6 39. Bg7+ Kf7 40.
Bh6 Ke7 41. Rg7+ Kd8 42. Rxb7 Bg4 43. Rxa7 c4 44. Bg7 Ke8 45. Nxh7 Bf3+ 46. Kg1 d5 47. Bd4 Kd8 48. Nf6 Kc8 49. h4 Kb8 50. Rg7 c3 51.
Bxc3 Kc8 52. h5 Bxh5 53. Nxh5 Kd8 54. Nf6 d4 55. Bxd4 Kc8 56. Kf2 Kb8 57. Kg3 Ka8 58. Kf4 Kb8 59. Ke5 Ka8 60. Kd6 1-0

[Event "Early-Titled-Tuesday-Blitz-August-29-2023"]
[Site "Chess.com"]
[Date "2023.08.29"]
[Round "9"]
[White "Chessmissile07"]
[Black "wadsy27"]
[Result "1-0"]
[WhiteElo "2827"]
[BlackElo "2608"]
[TimeControl "180+1"]
[EndTime "9:44:16 PDT"]
[Termination "Chessmissile07 won by resignation"]

1. d4 Nf6 2. Nf3 c5 3. d5 b5 4.
e4 Nxe4 5. Bd3 Nf6 6. Bxb5 Qa5+ 7. Nc3 Ba6 8. Bxa6 Qxa6 9. Qe2 Qxe2+ 10. Kxe2 d6 11.
a4 g6 12. Rd1 Bg7 13. Ra3 Na6 14. Nb5 O-O 15. c3 Rfc8 16. Bg5 Rab8 17. Bxf6 Bxf6 18.
Kd3 Rb7 19. Nd2 c4+ 20. Nxc4 Nc5+ 21. Kc2 Nxa4 22. Rxa4 Rxb5 23. Ne3 Rcb8 24. b4 Rc8 25. c4 Rb7 26. Kb3 Rbc7 27. b5 Be5 28. g3 f5 29.
Nc2 a5 30. bxa6 Rb8+ 31. Nb4 Ra7 32. Rd2 Rb6 33. Rda2 Bd4 34. Kc2 Bxf2 35. Nc6 Ra8 36. a7 Rb7 37. Rb2 Rxb2+ 38. Kxb2 Kf7 39. Kc2 g5 40. Rb4 Bxa7 41. Ra4 f4 42. Rxa7 Rxa7 43. Nxa7 fxg3 44. hxg3 h5 45. Kd3 h4 46. gxh4 gxh4 47. Ke4 e6 48. Nb5 exd5+ 49. Kxd5 h3 50. Nxd6+ Ke7 51.
Ne4 h2 52. Nf2 Kd7 53. c5 Kc7 54. c6 Kc8 55. Kd6 Kd8 56. Nh1 Kc8 57. Ng3 Kd8 58. c7+ Kc8 59. Nh1 1-0

[Event "Early-Titled-Tuesday-Blitz-August-29-2023"]
[Site "Chess.com"]
[Date "2023.08.29"]
[Round "9"]
[White "RAMBO1STBLOOD"]
[Black "Cheer_Down"]
[Result "1/2-1/2"]
[WhiteElo "2260"]
[BlackElo "2472"]
[TimeControl "180+1"]
[EndTime "9:44:16 PDT"]
[Termination "Game drawn - insufficient material"]

1. e4 e5 2. Bc4 Nf6 3. d3 c6 4. Nf3 d5 5. Bb3 a5 6. a3 a4 7.
Ba2 Bd6 8. Nc3 Be6 9. exd5 cxd5 10. O-O O-O 11. Re1 Nc6 12. Bg5 Ra5 13. Qd2 Re8 14.
h3 Bb8 15. Bh4 d4 16. Ne4 Bxa2 17. Bxf6 gxf6 18. Rxa2 Bd6 19. Qh6 Re6 20. Qh5 Bf8 21.
Nh4 Ne7 22. Rf1 Bg7 23. Nf5 Nxf5 24. Qxf5 Rc6 25. Rc1 Qc8 26. Qxc8+ Rxc8 27. Nd6 Rc7 28. c4 dxc3 29. Rxc3 Rxc3 30. bxc3 Rd5 31. Nxb7 Rxd3 32. Nc5 Rxc3 33. Nxa4 Rc1+ 34. Kh2 f5 35. Nb6 e4 36.
a4 Be5+ 37. g3 f4 38. a5 e3 39. gxf4 Bxf4+ 40. Kg2 Rc6 41. Nd5 Bd6 42. Nxe3 Bc5 43.
Nc4 Ba7 44. Ne5 Rc5 45. Nd3 Rc4 46. a6 Kf8 47. Ne5 Rc7 48. Rb2 f6 49. Nd3 Ke7 50. Rb7 Kd6 51. Nb4 Rxb7 52. axb7 Kc7 53. Nd5+ Kxb7 54.
Nxf6 Kc6 55. Nxh7 Kd6 56. Kg3 Ke6 57. f4 Kf5 58. Ng5 Bb8 59. Kh4 Bxf4 60. Nh7 Kg6 61. Nf8+ Kf7 62. Nh7 Be5 63. Ng5+ Kg6 64. Kg4 Bf6 65.
Nf3 Kf7 66. h4 Bxh4 1/2-1/2

[Event "Early-Titled-Tuesday-Blitz-August-29-2023"]
[Site "Chess.com"]
[Date "2023.08.29"]
[Round "9"]
[White "Beca95"]
[Black "Bauman_Guy"]
[Result "0-1"]
[WhiteElo "2945"]
[BlackElo "2820"]
[TimeControl "180+1"]
[EndTime "9:44:17 PDT"]
[Termination "Bauman_Guy won by checkmate"]

1. a4 Nf6 2. d3 d5 3. Nf3 c5 4.
g3 Nc6 5. Bg2 Bg4 6. h3 Bh5 7.
g4 Bg6 8. Nh4 e6 9. Nd2 Bd6 10.
e3 Qc7 11. Qe2 a6 12. O-O O-O 13. f4 Nb4 14. Ndf3 c4 15. Nxg6 hxg6 16. d4 b5 17. Ne1 Ne4 18. c3 Nc6 19. Qc2 f5 20.
Nf3 b4 21. Bd2 bxc3 22. bxc3 Rab8 23. Ng5 Qe7 24. h4 Rb3 25. Bxe4 fxe4 26. h5 gxh5 27. gxh5 Rf6 28. Qd1 Qe8 29. Rf2 Ne7 30. Qg4 Nf5 31.
Rg2 Rh6 32. Rh2 Rb2 33. Re1 Bc7 34. Ree2 Rb1+ 35. Kg2 Ba5 36. Kf2 Rb3 37. Rh3 Bxc3 38. Bxc3 Rxc3 39. Rb2 Rb3 40. Qe2 Qxa4 41. Ra2 Qb5 42. Rc2 a5 43. Rh1 a4 44. Qg4 Rb2 45. Rc1 Qb3 46. Qe2 Rxc2 47. Rxc2 Rxh5 48. Qxh5 Qxc2+ 49. Kg1 Qc1+ 50. Kh2 Qd2+ 51. Kg1 Qxe3+ 52. Kg2 Qg3+ 53.
Kf1 Qxf4+ 54. Ke1 Qc1+ 55. Kf2 Qd2+ 56. Kg1 Qe1+ 57. Kg2 Ne3+ 58. Kh2 Qf2+ 59. Kh3 Qg2+ 60. Kh4 Nf5# 0-1

[Event "Early-Titled-Tuesday-Blitz-August-29-2023"]
[Site "Chess.com"]
[Date "2023.08.29"]
[Round "9"]
[White "LionTheLeon_06"]
[Black "thedjoker98"]
[Result "0-1"]
[WhiteElo "2763"]
[BlackElo "2597"]
[TimeControl "180+1"]
[EndTime "9:44:20 PDT"]
[Termination "thedjoker98 won on time"]

1. e4 e5 2. Nf3 Nc6 3. Bc4 Bc5 4.
d3 Nf6 5. c3 O-O 6. Bg5 h6 7.
Bh4 Be7 8. O-O d6 9. a4 Be6 10. Bxe6 fxe6 11. Re1 Qe8 12. a5 a6 13. d4 exd4 14.
cxd4 d5 15. Bxf6 Rxf6 16. Nc3 Rd8 17. exd5 exd5 18. Re3 Qf7 19. Qb3 Bb4 20. Rc1 Bxa5 21. Qxb7 Bb6 22. Ne2 Na5 23. Qxa6 Nc4 24. Rd3 Bxd4 25.
Qa2 c5 26. Nexd4 cxd4 27. Rxd4 Rxf3 28. gxf3 Ne5 29. Rc3 Nxf3+ 30. Rxf3 Qxf3 31. Qa3 Qf6 32. Qd3 Qg5+ 33. Kf1 Qc1+ 34. Kg2 Qxb2 35. Rg4 Qf6 36. Rg6 Qe5 37. Rg3 Rf8 38. h3 Rf4 39. Qe3 Qxe3 40. Rxe3 Rf6 41. Re5 Rd6 42. Kf3 d4 43. Ke2 Kf7 44. Kd3 Kf6 45. Rc5 g5 46. Rb5 Kg6 47. Rc5 Kh5 48. f4 Kh4 49. fxg5 hxg5 50. Rf5 Rd8 51. Rf3 Rd7 52. Rf5 Rg7 53. Rf3 Rd7 54. Rf5 Re7 55. Kxd4 Re1 56. Kd3 Rh1 57. Ke2 Rxh3 58.
Kf2 Kg4 59. Rb5 Ra3 60. Rb2 Kh3 61. Rb5 Ra2+ 62. Kg1 g4 63. Rf5 Ra1+ 64. Kf2 g3+ 0-1

[Event "Early-Titled-Tuesday-Blitz-August-29-2023"]
[Site "Chess.com"]
[Date "2023.08.29"]
[Round "9"]
[White "Alexei_Gubajdullin"]
[Black "AttilaTurzo"]
[Result "0-1"]
[WhiteElo "2626"]
[BlackElo "2529"]
[TimeControl "180+1"]
[EndTime "9:44:22 PDT"]
[Termination "AttilaTurzo won by resignation"]

1. d4 Nf6 2. Nf3 g6 3. Bf4 Bg7 4. e3 O-O 5. Be2 c5 6. O-O cxd4 7. exd4 b6 8. Nbd2 Bb7 9. a4 d6 10. a5 Nbd7 11. axb6 axb6 12. Bb5 Qc7 13. c3 Bc6 14. Qe2 Bxb5 15. Qxb5 Nh5 16. Bg5 Bf6 17. Bh6 Bg7 18. Bxg7 Kxg7 19. Nc4 Nhf6 20. Ne3 e6 21. Nd2 d5 22. g3 Rfc8 23. Ra6 Ne8 24. Rfa1 Nd6 25. Qb4 Rxa6 26. Rxa6 h5 27. Qa4 Qc6 28. Qxc6 Rxc6 29. Ra7 Nf6 30. Nf3 Nfe8 31. Ne5 Rc7 32. Ra8 b5 33. Nd3 Kf8 34. Nc5 Nc4 35. Nd1 Ke7 36. b3 Nd2 37. f4 Nd6 38. b4 N2e4 39. Kg2 Nc8 40. Kf3 Nb6 41. Ra6 Na4 42. Nxa4 bxa4 43. Rxa4 Nxc3 44. Nxc3 Rxc3+ 45. Ke2 Rc2+ 46. Kd3 Rxh2 47.
Ra7+ Kd6 48. Rxf7 Rg2 49. Kc3 Rxg3+ 50. Kb2 Kc6 51. Rf6 Kb5 52. Rxe6 Kxb4 53. f5 gxf5 54.
Re5 Kc4 55. Rxf5 h4 56. Rf4 h3 57. Rh4 Rg2+ 58. Ka3 h2 59. Rh5 Kxd4 60. Kb3 Kd3 61. Rh3+ Ke2 62. Kc3 Kf2 63. Kd4 Kg1 64. Kxd5 h1=Q 65.
Rxh1+ Kxh1 0-1

[Event "Early-Titled-Tuesday-Blitz-August-29-2023"]
[Site "Chess.com"]
[Date "2023.08.29"]
[Round "9"]
[White "Firouzja2003"]
[Black "mishanick"]
[Result "1-0"]
[WhiteElo "3107"]
[BlackElo "3128"]
[TimeControl "180+1"]
[EndTime "9:44:23 PDT"]
[Termination "Firouzja2003 won by resignation"]

1. e4 c5 2. Nf3 d6 3. d4 cxd4 4. Nxd4 Nf6 5. Nc3 a6 6. Bg5 e6 7. f4 Qb6 8. a3 Nc6 9. Nb3 Qe3+ 10. Qe2 Ng4 11. Nd1 Qxe2+ 12. Bxe2 h6 13. Bh4 Nf6 14.
Nc3 Be7 15. Bf2 b5 16. O-O-O Bb7 17. Bf3 Rc8 18. Kb1 g5 19. g3 Rg8 20. Rhe1 gxf4 21. gxf4 b4 22. axb4 Nxb4 23. Rd4 d5 24. e5 Ne4 25.
Bxe4 dxe4 26. Rg1 Rxg1+ 27. Bxg1 h5 28. Bf2 h4 29. Na5 Ba8 30. Nc4 Nd5 31. Nxe4 Rb8 32. Ned6+ Kf8 33. f5 exf5 34. Nxf5 Bc5 35. Rd2 Nc3+ 36.
Ka1 Bxf2 37. Rxf2 Rb4 38. b3 Ne4 39. Rf4 Bd5 40. Rxh4 f6 41. exf6 Nxf6 42. Nfd6 Kg7 43. Nf5+ Kg6 44. Ne7+ Kg5 45. Rd4 Bxc4 46. Nc6 Rb6 47.
h4+ Kh5 48. Rxc4 Ng4 49. Kb2 Ne3 50. Rc5+ Kxh4 51. Ne5 Kg3 52. Rc3 Kf4 53. Rxe3 Re6 54. Nc4 Rxe3 55. Nxe3 Kxe3 56. c4 Kd4 57. Ka3 Kc5 58. Ka4 Kc6 59. Ka5 Kb7 60. c5 Kc6 61.
Kxa6 Kxc5 62. Ka5 Kc6 63. b4 1-0

[Event "Early-Titled-Tuesday-Blitz-August-29-2023"]
[Site "Chess.com"]
[Date "2023.08.29"]
[Round "9"]
[White "GianmarcoVaR"]
[Black "FGHSMN"]
[Result "0-1"]
[WhiteElo "2757"]
[BlackElo "2928"]
[TimeControl "180+1"]
[EndTime "9:44:24 PDT"]
[Termination "FGHSMN won by checkmate"]

1. e4 e5 2. Nf3 Nc6 3. Bc4 d6 4. O-O Be7 5. Nc3 Nf6 6. a3 O-O 7. h3 Be6 8. d3 h6 9. Be3 d5 10. exd5 Nxd5 11. Nxd5 Bxd5 12. Bxd5 Qxd5 13. Nd2 Rad8 14.
Qf3 f5 15. Qxd5+ Rxd5 16. f3 Bc5 17. Rfe1 Nd4 18. Rac1 Rfd8 19. Kf1 Nc6 20. Nc4 Bf8 21.
g4 R5d7 22. gxf5 Rf7 23. Ke2 Rxf5 24. Rg1 Rh5 25. Rg3 Bd6 26. Rcg1 Rd7 27. Kf1 Rf7 28.
Kg2 Ne7 29. Rg4 Nf5 30. Bf2 a6 31. Re1 Ne7 32. Bg3 Nc6 33. c3 Rhf5 34. Nd2 h5 35. Rge4 Rg5 36. Kh2 Rg6 37. Bf2 Ne7 38. Rg1 Rxg1 39.
Bxg1 Nd5 40. Be3 Nf6 41. Rh4 e4+ 42. Kg2 exd3 43. Rd4 Nd7 44. Rxd3 Ne5 45. Rd5 Rf6 46. Bd4 Rg6+ 47. Kf1 Nd3 48. Bxg7 Nf4 49. Rxd6 Rxd6 50. Be5 Rxd2 51. Bxf4 Rxb2 52. Bxc7 Rb3 53. Bd6 Rxc3 54. Kg2 b5 55. Kg3 Kf7 56. Kh4 Rxf3 57. Kxh5 Rxh3+ 58. Kg4 Rd3 59. Bc5 Ke6 60. Kf4 Kd5 61. Be7 Kc4 62. Ke4 Rd1 63. Bb4 Kb3 64. Ke3 Ra1 65. Kd3 Rxa3 66.
Bxa3 Kxa3 67. Kc2 b4 68. Kb1 Kb3 69. Ka1 Kc2 70. Ka2 b3+ 71. Ka1 b2+ 72. Ka2 b1=Q+ 73. Ka3 Qb3# 0-1

[Event "Early-Titled-Tuesday-Blitz-August-29-2023"]
[Site "Chess.com"]
[Date "2023.08.29"]
[Round "9"]
[White "blitzo_vich"]
[Black "lamomiajunior"]
[Result "1-0"]
[WhiteElo "2617"]
[BlackElo "2781"]
[TimeControl "180+1"]
[EndTime "9:44:24 PDT"]
[Termination "blitzo_vich won by resignation"]

1. e4 c6 2. d4 d5 3. e5 Bf5 4. h4 h5 5. c4 e6 6. Nc3 Nd7 7. cxd5 cxd5 8. Nge2 a6 9. Ng3 Bg6 10.
Be2 Be7 11. Nxh5 Bxh5 12. Bxh5 g6 13. Bf3 Rxh4 14. Rxh4 Bxh4 15. Qb3 Qb6 16. Be3 Qxb3 17. axb3 Be7 18. Ke2 Rc8 19. Rh1 Kf8 20. Rh7 b5 21. Nxd5 Rc2+ 22. Kd3 Rxb2 23. Kc3 Ra2 24. Nxe7 Nxe7 25.
Bh6+ Kg8 26. Rg7+ Kf8 27. Rxg6+ Ke8 28. Rg7 Nb6 29. Bh5 Nbd5+ 30. Kd3 Rxf2 31. Bf3 a5 32. Rh7 Ng6 33. Bg5 a4 34. bxa4 bxa4 35. Rh1 a3 36.
Ra1 a2 37. Bd2 Nh4 38. Bxd5 exd5 39. Rxa2 Nxg2 40. Ra5 Rf3+ 41. Ke2 Rb3 42. Rxd5 Nh4 43. Ra5 Nf5 44. d5 Nd4+ 45. Kf2 Rb2 46. Ke3 Nf5+ 47. Ke4 Ng3+ 48. Kd3 Nf1 49. Ra8+ Kd7 50. Ra7+ Ke8 51. Bg5 Rb8 52. d6 Kf8 53. d7 f6 54.
Bxf6 Ng3 55. d8=Q+ Rxd8+ 56. Bxd8 Nf5 57. Bf6 Ng3 58.
Kd4 Nh5 59. Kd5 Nf4+ 60. Kd6 Kg8 61. e6 1-0

[Event "Early-Titled-Tuesday-Blitz-August-29-2023"]
[Site "Chess.com"]
[Date "2023.08.29"]
[Round "9"]
[White "chess94cu"]
[Black "GMKrikor"]
[Result "0-1"]
[WhiteElo "2713"]
[BlackElo "2871"]
[TimeControl "180+1"]
[EndTime "9:44:26 PDT"]
[Termination "GMKrikor won by resignation"]

1. d4 Nf6 2. c4 g6 3. Nc3 d5 4. Nf3 Bg7 5. cxd5 Nxd5 6. e4 Nxc3 7. bxc3 c5 8. Rb1 O-O 9. Be2 Qc7 10. O-O b6 11. Be3 Bb7 12. Bd3 Nd7 13. Qe2 Rac8 14. Rbc1 e5 15. d5 c4 16. Bc2 Nc5 17. Qxc4 Ba6 18.
Qb4 Bxf1 19. Rxf1 Rfd8 20. c4 f6 21. Nd2 Bf8 22. Qb2 Nb7 23. Ba4 Bc5 24. Qc3 Bxe3 25. Qxe3 Qc5 26. Qf3 Kg7 27. Bb5 Nd6 28. Bc6 Qd4 29.
Rd1 Nxc4 30. Nxc4 Qxc4 31. Re1 Rxc6 32. dxc6 Qxc6 33. h4 h5 34. Qa3 Rd7 35. g3 Qc5 36. Qa4 Qc7 37. Kg2 Rd4 38. Qa3 a5 39. Re3 b5 40. Qb3 b4 41. Qe6 Qb7 42. Rf3 Qf7 43. Qb6 a4 44. Qb5 a3 45. Qc6 Rc4 46. Qa8 Qd7 47.
Qa6 Rc6 48. Qb5 Qd6 49. Qb7+ Rc7 50. Qb8 Qe7 51. Qb5 Rb7 52. Qc6 b3 53. Rxb3 Rxb3 54.
axb3 Qa7 55. Qc1 a2 56. Qa1 Kf7 57. b4 Ke6 58. b5 Qa3 59. b6 Kd7 60. Qd1+ Kc6 61.
Qd5+ Kxb6 62. Qxe5 fxe5 0-1

[Event "Early-Titled-Tuesday-Blitz-August-29-2023"]
[Site "Chess.com"]
[Date "2023.08.29"]
[Round "9"]
[White "Kildepiotr"]
[Black "betta2004"]
[Result "1/2-1/2"]
[WhiteElo "2663"]
[BlackElo "2550"]
[TimeControl "180+1"]
[EndTime "9:44:29 PDT"]
[Termination "Game drawn - insufficient material"]

1. Nf3 g6 2. g3 Bg7 3. d4 c5 4. c3 cxd4 5. cxd4 Nf6 6. Nc3 O-O 7. Bg2 d5 8. O-O Ne4 9. Qb3 Nxc3 10. bxc3 Nc6 11.
Nd2 Na5 12. Qb4 Be6 13. Ba3 Re8 14. e4 Rc8 15. e5 b6 16. Rfc1 Nc4 17. Nxc4 Rxc4 18.
Qb5 Bd7 19. Qxd5 Qc7 20. Bb2 Bh6 21. Rd1 Bg4 22. Bf3 Rd8 23. Qe4 Bf5 24. Qh4 Bg7 25. a4 Bc2 26. Re1 Bxa4 27. Be2 Bb5 28. Bxc4 Bxc4 29. Ba3 Re8 30. Qe4 e6 31. Bd6 Qd7 32. f3 Bd5 33. Qd3 Qc6 34. Kf2 a5 35. Reb1 Rc8 36.
Ra3 f6 37. Qb5 fxe5 38. Qxc6 Rxc6 39. dxe5 Bc4 40. f4 Bd3 41. Rd1 Bc2 42. Rd2 Be4 43. Ke3 Bd5 44. Rd4 Kf7 45. Kd3 Bg2 46. c4 Bf1+ 47.
Kc3 g5 48. fxg5 Kg6 49. h4 Kh5 50. Ra1 Bxc4 51. Rxc4 Rxd6 52. Re1 Rd5 53. Rce4 b5 54. Kc2 Kg6 55. g4 b4 56. Kb3 Rd3+ 57. Kc4 Rc3+ 58.
Kb5 b3 59. Kxa5 Rh3 60. h5+ Kxg5 61. Kb4 Rg3 62. R1e3 Rxe3 63. Rxe3 Kxg4 64. Kxb3 Kf4 65. Rh3 Bxe5 66. Kc4 Kg4 67. Rh1 Bf4 68. Kd3 Kf5 69.
Rf1 e5 70. Re1 Kg5 71. Rh1 Kf5 72. Ke2 Kg4 73. Kd3 Kf5 74. Rg1 Bg5 75. Rg2 h6 76.
Rg1 Kf4 77. Rf1+ Kg4 78. Ke4 Kxh5 79. Kf5 Kh4 80. Rh1+ Kg3 81. Kxe5 Kg4 82. Ke4 Bh4 83. Rg1+ Bg3 84. Rh1 h5 85. Rxh5 Kxh5 1/2-1/2

[Event "Early-Titled-Tuesday-Blitz-August-29-2023"]
[Site "Chess.com"]
[Date "2023.08.29"]
[Round "9"]
[White "LileKoridze"]
[Black "Alphafischer2019"]
[Result "1-0"]
[WhiteElo "2361"]
[BlackElo "2514"]
[TimeControl "180+1"]
[EndTime "9:44:31 PDT"]
[Termination "LileKoridze won by checkmate"]

1. d4 Nf6 2. c4 c5 3. d5 b5 4.
cxb5 a6 5. bxa6 Bxa6 6. Nc3 g6 7. e4 Bxf1 8. Kxf1 d6 9. Nf3 Bg7 10. g3 O-O 11. Kg2 Nbd7 12. Qe2 Qb6 13. Nd2 Rfb8 14.
Nc4 Qa6 15. Re1 Rb4 16. Nd2 Ne5 17. a3 Rbb8 18. Qxa6 Rxa6 19. Re2 h5 20. f4 Nd3 21. Nc4 Nd7 22. Rd2 Nxc1 23. Rxc1 Nb6 24. Ne3 Na4 25. Nxa4 Rxa4 26. Rc4 Ra7 27. Rcc2 Bd4 28. Nc4 f6 29. Re2 Rab7 30. a4 Rb4 31. a5 Ra4 32. e5 dxe5 33.
fxe5 Rbb4 34. d6 Rb8 35. dxe7 fxe5 36. Nd6 Rxa5 37. e8=Q+ Rxe8 38. Nxe8 Ra1 39. Nd6 g5 40. Nf5 Rg1+ 41. Kf3 g4+ 42. Ke4 Kf7 43. Nxd4 cxd4 44. Rf2+ Ke6 45. Rc6+ Kd7 46. Rh6 Re1+ 47. Kd3 Re3+ 48. Kd2 Rb3 49. Kc1 e4 50. Rxh5 Rf3 51. Rxf3 gxf3 52. Kd2 e3+ 53. Ke1 Ke6 54. Rh4 Ke5 55.
Rf4 d3 56. Rxf3 Kd4 57. Rxe3 Kxe3 58. Kd1 Ke4 59. h4 Kd4 60. b4 Ke5 61. h5 Kd5 62. b5 Ke6 63. h6 Kf6 64. b6 Kg6 65. b7 Kxh6 66. b8=Q Kg5 67. Qf8 Kg4 68. Kd2 Kh3 69. Kxd3 Kg4 70. Ke3 Kh3 71. g4 Kg2 72. g5 Kh3 73. g6 Kh4 74. g7 Kh5 75. g8=Q Kh4 76. Qh6# 1-0

[Event "Early-Titled-Tuesday-Blitz-August-29-2023"]
[Site "Chess.com"]
[Date "2023.08.29"]
[Round "9"]
[White "BrandonJacobson"]
[Black "Durarbayli"]
[Result "1/2-1/2"]
[WhiteElo "3011"]
[BlackElo "2923"]
[TimeControl "180+1"]
[EndTime "9:44:33 PDT"]
[Termination "Game drawn by repetition"]

1. d4 Nf6 2. c4 e6 3. Nf3 b6 4. g3 Ba6 5. Qc2 Bb7 6. Bg2 Bb4+ 7. Bd2 Be4 8. Qd1 a5 9. O-O O-O 10. a3 Bxd2 11. Nbxd2 Bb7 12. Qc2 d6 13. e4 Nbd7 14. Rfe1 e5 15. Rad1 Qe7 16. Nb1 a4 17. Nc3 exd4 18.
Nxd4 Nc5 19. Nf5 Qe6 20. Nb5 Rfc8 21. f3 Ba6 22. Qc3 Bxb5 23. cxb5 Re8 24. f4 Rad8 25. Nd4 Qc8 26. Nc6 Rd7 27. e5 dxe5 28. fxe5 Rxd1 29. Rxd1 Nfe4 30. Qe3 Qg4 31. Rd4 Qg5 32. Rxe4 Nxe4 33. Qxe4 Qc1+ 34. Bf1 Qxb2 35. Qxa4 h5 36. Qb4 Qxb4 37.
axb4 Kf8 38. Kf2 Ra8 39. Bc4 Ra1 40. Kf3 Rc1 41. Be2 Rc2 42. Ke3 g6 43. h4 Rc3+ 44.
Bd3 Rc1 45. Kf2 Rc3 46. Ke2 Rb3 47. Kd2 Ra3 48. Nd4 Ra2+ 49. Ke3 Ke7 50. e6 f5 51. Kf4 Kf6 52. Ke3 Rb2 53. Nc6 Kxe6 54. Bc4+ Kf6 55.
Bd5 Rb1 56. Kf4 Rf1+ 57. Ke3 Rb1 58. Bf3 Rb3+ 59. Kf2 Rb2+ 60. Ke3 Rb3+ 61. Kf4 Rb1 62. Be2 Rb2 63. Ke3 Rb3+ 64. Kf4 Rb2 65. Kf3 Rb3+ 66.
Kf2 Rb2 67. Ke3 Rb3+ 68. Bd3 Rb2 69. Kf4 Rf2+ 70. Ke3 Rg2 71. Kf3 Rb2 72. Bc4 Rc2 73.
Be2 Rc3+ 74. Kf2 Rb3 75. Bf3 Rb2+ 76. Ke3 Rb3+ 1/2-1/2

[Event "Early-Titled-Tuesday-Blitz-August-29-2023"]
[Site "Chess.com"]
[Date "2023.08.29"]
[Round "9"]
[White "BogdanDeac"]
[Black "baki83"]
[Result "1-0"]
[WhiteElo "3015"]
[BlackElo "2837"]
[TimeControl "180+1"]
[EndTime "9:44:35 PDT"]
[Termination "BogdanDeac won on time"]

1. d4 d5 2. Bf4 Nf6 3. e3 Bf5 4. c4 e6 5. Nc3 c6 6. Qb3 Qc8 7. Rc1 dxc4 8. Bxc4 Nbd7 9. Nf3 Be7 10. O-O O-O 11. h3 Ne4 12. Ne2 Rd8 13. Rfd1 Bg6 14. Bh2 Bd6 15. Nf4 Nb6 16. Bd3 Nf6 17. Nxg6 Bxh2+ 18. Kxh2 hxg6 19. e4 Qc7+ 20. g3 Qe7 21. a4 Rab8 22.
Kg2 Nbd7 23. e5 Nd5 24. h4 c5 25. Be4 cxd4 26. Rxd4 Nc5 27. Qc2 Nxe4 28. Qxe4 Rbc8 29. Rh1 Qc5 30. h5 gxh5 31. Rxh5 Qc2 32. Qxc2 Rxc2 33.
Rdh4 Kf8 34. Ng5 Ke7 35. Rh7 Ne3+ 36. Kf3 Nf5 37. Rb4 b6 38. g4 Nd4+ 39. Ke3 Nc6 40. Re4 Rdd2 41. Rxg7 Re2+ 42. Kd3 Red2+ 43. Ke3 Re2+ 44.
Kf4 Rxf2+ 45. Kg3 Rf1 46. Rf4 Rxf4 47. Kxf4 Rf2+ 48. Ke3 Rf1 49. Ke2 Rf4 50. Ke3 Rf1 51. Nf3 Kf8 52. Rh7 Nb4 53. g5 Nd5+ 54. Ke2 Rb1 55.
Kf2 Rxb2+ 56. Kg3 Rb4 57. g6 fxg6 58. Ng5 Rb3+ 59. Kg4 Rb4+ 60. Kg3 Rb3+ 61. Kf2 Rb2+ 62. Kf3 Rb3+ 63. Kf2 Rb2+ 64. Ke1 Rb1+ 65. Kd2 Rb4 66. Nxe6+ Ke8 67. Rxa7 Re4 68. Ng7+ Kd8 69. e6 Nc7 70. Kd3 Re1 71. Kd2 1-0

[Event "Early-Titled-Tuesday-Blitz-August-29-2023"]
[Site "Chess.com"]
[Date "2023.08.29"]
[Round "9"]
[White "borocotoajua"]
[Black "kasun_bole"]
[Result "0-1"]
[WhiteElo "2475"]
[BlackElo "2357"]
[TimeControl "180+1"]
[EndTime "9:44:39 PDT"]
[Termination "kasun_bole won by resignation"]

1. d4 Nf6 2. Nf3 c5 3. d5 g6 4. c4 d6 5. Nc3 Bg7 6. g3 O-O 7. Bg2 e6 8. O-O exd5 9. cxd5 a6 10. a4 Nbd7 11. Nd2 Rb8 12. Nc4 Qc7 13. Bf4 Ne8 14. a5 Ne5 15. Nxe5 dxe5 16. Bd2 Nd6 17. Qa4 Bd7 18. Qc2 Bf5 19. e4 Bd7 20. f4 exf4 21. gxf4 Nb5 22. e5 Nd4 23. Qd3 Bf5 24. Qg3 b5 25. d6 Qd7 26. Rae1 b4 27. Nd5 Be6 28. Ne7+ Kh8 29. Be4 Rfe8 30. Be3 Rxe7 31. dxe7 Qxe7 32. Qf2 Nb3 33. Bc2 c4 34. f5 gxf5 35. Bxf5 Nxa5 36. Be4 c3 37. bxc3 bxc3 38. Rb1 Rc8 39. Qg3 Nc4 40.
Bg5 Qc5+ 41. Rf2 Nd2 42. Qh4 Nxe4 43. Qxe4 Qxe5 44. Qh4 Bf5 45. Rbf1 Bg6 46. Rf3 c2 47. Re1 Qc5+ 48. Be3 Qc6 49. Rff1 a5 50. Bd4 a4 51. Bxg7+ Kxg7 52. Qd4+ Kg8 53. Rc1 a3 54. Rfe1 a2 55. Qb2 Qc5+ 56. Kg2 Qd5+ 57. Kg1 Qg5+ 58. Kh1 Qd5+ 59.
Kg1 h5 60. Qa3 Qd4+ 61. Kh1 Be4+ 62. Rxe4 Qxe4+ 63. Kg1 Qd4+ 64. Kh1 Qe4+ 65. Kg1 Rc6 66. Qa8+ Kg7 67. Kf2 Rf6+ 68. Kg3 Qxa8 0-1

[Event "Early-Titled-Tuesday-Blitz-August-29-2023"]
[Site "Chess.com"]
[Date "2023.08.29"]
[Round "9"]
[White "ArtemDyachuk"]
[Black "Kirill_Klukin"]
[Result "0-1"]
[WhiteElo "2604"]
[BlackElo "2800"]
[TimeControl "180+1"]
[EndTime "9:44:43 PDT"]
[Termination "Kirill_Klukin won on time"]

1. e4 c5 2. Nf3 g6 3. c4 Bg7 4. d4 cxd4 5. Nxd4 Nc6 6. Be3 Nf6 7. Nc3 O-O 8. Be2 d6 9. O-O Bd7 10. f3 Nxd4 11. Bxd4 a5 12. Qd2 Bc6 13. Rfd1 Nd7 14. Rac1 Bxd4+ 15. Qxd4 Qb6 16. b3 Rfc8 17. Kf2 Qxd4+ 18. Rxd4 Kf8 19. Ke3 Nc5 20. Bd1 Rd8 21. Bc2 Rab8 22. a3 b5 23. cxb5 Bxb5 24. b4 Ne6 25.
Nxb5 Rxb5 26. Rc4 axb4 27. axb4 Rdb8 28. Rb1 R5b6 29. Bd3 g5 30. b5 Kg7 31. Rcb4 Kf6 32. Ra1 Nc7 33. Rc1 R8b7 34. g3 h6 35. Ra1 Ne6 36.
Ra8 Nc5 37. Bc4 e6 38. f4 Rc7 39. Rd8 Rcb7 40. Kd4 Rc7 41. Rb1 e5+ 42. fxe5+ dxe5+ 43. Ke3 Ke7 44. Rd5 f6 45. Be2 Ne6 46. Bg4 Nd4 47.
Kd3 Rcb7 48. Rb4 Rxb5 49. Rbxb5 Nxb5 50. Bc8 Rc7 51. Bf5 Nd6 52. Bg6 Rb7 53. Ra5 Kf8 54. Ke3 Kg7 55. Bh5 Rb3+ 56. Ke2 Nxe4 57. Ra7+ Kf8 58.
Rf7+ Kg8 59. Re7 Nc3+ 60. Kd2 Ra3 61. Kc2 Nb5 62. Re8+ Kg7 63. Re7+ Kf8 64. Rf7+ Kg8 65. Rxf6 Nd4+ 66. Kd2 Kg7 67. Rf7+ Kg8 68. Rf6 Ra2+ 69.
Kd3 Rxh2 70. Bd1 Kg7 71. Rd6 Rh3 0-1

[Event "Early-Titled-Tuesday-Blitz-August-29-2023"]
[Site "Chess.com"]
[Date "2023.08.29"]
[Round "9"]
[White "Vuk2000"]
[Black "TrenerChos"]
[Result "1-0"]
[WhiteElo "2746"]
[BlackElo "2569"]
[TimeControl "180+1"]
[EndTime "9:44:43 PDT"]
[Termination "Vuk2000 won on time"]

1. d4 Nf6 2. Bg5 g6 3. Bxf6 exf6 4. c4 Bg7 5. Nc3 O-O 6. e3 c5 7. dxc5 Na6 8. Nf3 Nxc5 9. Be2 b6 10. O-O Bb7 11.
Nd5 f5 12. Qd2 Ne4 13. Qb4 Bxd5 14. cxd5 Rc8 15. Rac1 Qf6 16. Rxc8 Rxc8 17. Nd4 f4 18. Nf3 fxe3 19. Qxe4 exf2+ 20. Rxf2 Qxb2 21. Ba6 Rc1+ 22. Bf1 Qf6 23. Qe8+ Bf8 24. Ne5 Qe7 25. Qxe7 Bxe7 26. Nxd7 Kg7 27. Rd2 Bb4 28. Rd3 Rc7 29. Ne5 Rc1 30.
Kf2 Bc5+ 31. Ke2 Bd6 32. Nf3 a5 33. g3 b5 34. Rd1 Rc2+ 35. Rd2 Rc3 36. Kf2 b4 37.
Bb5 Ra3 38. Ke2 a4 39. Nd4 b3 40. axb3 axb3 41. Bc4 Bb4 42. Rb2 Bc3 43. Rxb3 Ra2+ 44. Kd3 Ba1 45. Nc2 Be5 46. Rb7 Ra8 47. d6 Bxd6 48.
Rxf7+ Kh6 49. Rd7 Bc5 50. Rd5 Bg1 51. h3 Rf8 52. Kc3 Bh2 53. Rd3 Rf1 54. Ne3 Rh1 55.
Bd5 Rc1+ 56. Kd2 Rb1 57. Ng4+ Kg5 58. Kc2 Rf1 59. Nxh2 Rf2+ 60. Rd2 Rf5 61. Nf3+ Kf6 62. g4 Rf4 63. Rd3 h5 64. gxh5 gxh5 65. h4 Rg4 66.
Bc6 Rc4+ 67. Rc3 Rf4 68. Kd3 1-0